 Dungeon Crawl Stone Soup version 0.25-a0-413-g3b4b6a4 (webtiles) character file.

Game seed: 1079460753612643156, levelgen mode: deterministic

82 BlueFish the Insei (level 4, -2/28 HPs)
             Began as an Octopode Transmuter on Jan 15, 2020.
             Slain by Terence
             ... wielding a +1 mace of crushing
              (8 damage)
             ... on level 2 of the Dungeon on Jan 17, 2020.
             The game lasted 00:06:12 (1858 turns).

BlueFish the Insei (Octopode Transmuter)            Turns: 1858, Time: 00:06:12

Health: -2/28      AC:  1    Str: 10    XL:     4   Next: 43%
Magic:  7/7        EV: 13    Int: 15    God:
Gold:   33         SH:  0    Dex: 12    Spells: 2/8 levels left

rFire    . . .     SeeInvis .     - Unarmed
rCold    . . .     Gourm    .   (no shield)
rNeg     . . .     Faith    .   (helmet restricted)
rPois    .         Spirit   .   (no amulet)
rElec    .         Reflect  .   (no ring)
rCorr    .         Harm     .   (no ring)
MR       .....                  (no ring)
Stlth    +++.......             (no ring)
HPRegen  0.09/turn              (no ring)
MPRegen  0.10/turn              (no ring)
                                (no ring)
                                (no ring)

@: appendage (expiring)
A: almost no armour, stealthy swim, amphibious, 8 rings, constrict 8, tentacle
spike 3, camouflage 1, gelatinous body 1
a: End Transformation


You were on level 2 of the Dungeon.
You were not hungry.
One of your tentacles had a temporary spike.
You visited 1 branch of the dungeon, and saw 2 of its levels.

You collected 33 gold pieces.

Inventory:

Missiles
 a - 61 arrows
Scrolls
 i - a scroll of enchant weapon
Potions
 d - a potion of brilliance {unknown}
 e - a potion of resistance {unknown}
 f - a potion of berserk rage
 h - a potion of flight {unknown}
 j - a potion of invisibility {unknown}
 k - a potion of magic {unknown}
Comestibles
 b - 4 chunks of flesh
 c - 4 rations


   Skills:
 * Level 1.2 Fighting
 + Level 2.4 Dodging
 + Level 1.6 Stealth
 + Level 3.8 Unarmed Combat
 + Level 2.5 Spellcasting
 + Level 2.6 Transmutations


You had 2 spell levels left.
You knew the following spells:

 Your Spells              Type           Power        Failure   Level  Hunger
a - Beastly Appendage     Tmut           #.....       8%          1    #......
b - Sticks to Snakes      Tmut           #.......     11%         2    ###....
c - Spider Form           Tmut/Pois      #.........   36%         3    ###....

Your spell library contained the following spells:

 Spells                   Type           Power        Failure   Level  Hunger
 Ice Form                 Ice/Tmut       #.......     77%         4    #####..
 Blade Hands              Tmut           #.........   90%         5    ######.


Dungeon Overview and Level Annotations

Branches:
Dungeon (2/15)

Altars:

Annotations:
D:2 Terence


Innate Abilities, Weirdness & Mutations

You cannot wear most types of armour.
You are very stealthy in the water. (Stealth+)
You are amphibious.
You can wear up to eight rings at the same time.
You can use your tentacles to constrict eight enemies at once.
Your skin changes colour to match your surroundings (Stealth+).
Your rubbery body absorbs attacks. (AC +1, EV +1)
One of your tentacles bears a large vicious spike.


Message History

You constrict Terence.
Terence zaps a wand.
The puff of flame misses you.
You tentacle-slap Terence.
Terence is almost dead.
You constrict Terence.
You tentacle-slap Terence but do no damage.
Terence is almost dead.
You constrict Terence, but do no damage.
Terence hits you with a +1 mace of crushing.
* * * LOW HITPOINT WARNING * * *
x2 Some of the chunks of flesh in your inventory have rotted away.
You tentacle-slap Terence.
Terence is almost dead.
Your transformation is almost over.
You constrict Terence, but do no damage.
Terence closely misses you.
You tentacle-slap Terence but do no damage.
Terence is almost dead.
You constrict Terence, but do no damage.
Terence hits you with a +1 mace of crushing!
You die...

### ##.# ..# # #@#
# #
#############@# #
#.##...........#.#
####
#..............#.#
#...
####.########..#.#
#...
#.......<#..#.#
#...
##########..#.#
#... ....)....#.#
#... ######...#.#
#...
############...#.#
#...


You could see Terence.

Vanquished Creatures
  4 adders (D:2)
  An ooze (D:1)
  3 leopard geckos (D:1)
  A giant cockroach (D:1)
  9 goblins
  8 hobgoblins
  A ball python (D:2)
  A bat (D:2)
  6 frilled lizards (D:1)
  4 kobolds
  2 rats
40 creatures vanquished.

Notes
Turn   | Place    | Note
-------+----------+-------------------------------------------
     0 | D:1      | BlueFish the Octopode Transmuter began the quest for the
                  | Orb.
     0 | D:1      | Reached XP level 1. HP: 13/13 MP: 3/3
   218 | D:1      | Reached XP level 2. HP: 17/18 MP: 5/5
   222 | D:1      | Learned a level 2 spell: Sticks to Snakes
   707 | D:1      | Reached XP level 3. HP: 23/23 MP: 4/6
   712 | D:1      | Learned a level 3 spell: Spider Form
   943 | D:1      | Reached skill level 1 in Stealth
  1254 | D:2      | Reached XP level 4. HP: 3/28 MP: 7/7
  1846 | D:2      | Noticed Terence
  1858 | D:2      | Slain by Terence

Levels and vault maps discovered:
D:1:      minmay_arrival_split_and_join, layout_basic
D:2:      layout_basic, serial_park_tiny_pond, uniq_terence

Skill      XL: |  1  2  3 |
---------------+----------+-----
Stealth        | 1 |  1.6
Fighting       | |  1.2
Dodging        | |  2.4
Unarmed Combat | |  3.8
Spellcasting   | |  2.5
Transmutations | |  2.6

Action                   |  1- 3 |  4- 6 || total
-------------------------+-------+-------++-------
Melee: Unarmed           |    68 |    19 ||    87
       Constrict         |    17 |     4 ||    21
       Tentacles         |     6 |     3 ||     9
       Kick              |    11 |     3 ||    14
       Punch             |     1 |     1 ||     2
 Cast: Beastly Appendage |    14 |     7 ||    21
  Use: Scroll            |     4 |       ||     4
 Stab: Sleeping          |     5 |     1 ||     6
  Eat: Chunk             |     1 |     2 ||     3
Armor: Skin              |     1 |     2 ||     3
Dodge: Dodged            |    32 |    10 ||    42

Table legend:
 A = Non-vault XP
 B = Vault XP
 C = Vault XP percentage of total XP
 D = Non-vault monster count
 E = Vault monster count
 F = Vault count percentage of total count
                 A         B        C        D         E       F
            +---------+---------+-------+---------+---------+-------
      Total |     118 |       0 |   0.0 |      40 |       0 |   0.0
            +---------+---------+-------+---------+---------+-------
        D:1 |      44 |       0 |   0.0 |      23 |       0 |   0.0
        D:2 |      74 |       0 |   0.0 |      17 |       0 |   0.0
            +---------+---------+-------+---------+---------+-------
